 Dungeon Crawl Stone Soup version 0.29-a0-97-g88c9fad16d (webtiles) character file.

Game seed: 12309867915546566263

176190 drugrobin the Warrior (level 16, -1/163 HPs)
             Began as a Demigod Warper on Feb 14, 2022.
             Killed from afar by a naga mage (3 damage)
             ... with a splash of poison
             ... on level 3 of the Snake Pit.
             The game lasted 02:33:12 (49814 turns).

drugrobin the Warrior (Demigod Warper)             Turns: 49814, Time: 02:33:13

Health: -1/163     AC: 19    Str: 24    XL:     16   Next: 68%
Magic:  3/35       EV: 18    Int: 21    God:
Gold:   491        SH:  8    Dex: 19    Spells: 1/23 levels left

rFire   . . .      SeeInvis .   a - +9 trident "Zapus" {speed, rC+ Will+ Stlth+}
rCold   + . .      Faith    .   m - +0 kite shield {reflect}
rNeg    . . .      Spirit   .   V - +3 leather armour of Perpetual Drought {Int+2 Slay+5}
rPois   .          Reflect  +   F - +0 helmet {Int+3}
rElec   +          Harm     .   W - +0 cloak
rCorr   .          Rampage  .   j - +3 Mad Mage's Maulers {Infuse+∞ RegenMP Int-3}
Will    +++..      Clarity  +   g - +2 pair of boots {Stlth+}
Stlth   +++.......              N - amulet of regeneration
HPRegen 1.17/turn               H - +4 ring of protection
MPRegen 0.64/turn               y - ring of the Commoners {rElec Will+ MP+9 Dex+2}

@: lethally poisoned (-1 -> -32), very slightly contaminated, slowed, studying 2
skills, very slow
A: high MP 1, forlorn, divine attributes, talons 1, clarity, robust 1,
MP-powered wands
}: 1/15 runes: decaying
a: no special abilities


You were on level 3 of the Snake Pit.
You visited 5 branches of the dungeon, and saw 25 of its levels.
You also visited: Ice Cave.

You collected 2313 gold pieces.
You spent 1822 gold pieces at shops.

Inventory:

Hand Weapons
 a - the +9 trident "Zapus" (weapon) {speed, rC+ Will+ Stlth+}
   (You found it in an ice cave)

   Attacks with this weapon are significantly faster.
   rC:        It protects you from cold.
   Will:      It increases your willpower.
   Stlth:     It makes you more stealthy.
 c - a +0 halberd of venom
 p - a +4 demon trident of freezing
Missiles
 d - 4 boomerangs of dispersal (quivered)
Armour
 g - a +2 pair of boots of stealth (worn)
 j - the +3 Mad Mage's Maulers (worn) {Infuse+∞ RegenMP Int-3}
   (You bought it in a shop on level 2 of the Orcish Mines)

   It empowers its wearer's blows with all of their magic.
   It causes its wearer's magical reserves to regenerate more quickly.
   Int:       It affects your intelligence (-3).
 m - a +0 kite shield of reflection (worn)
 s - +0 swamp dragon scales
 F - a +0 helmet of intelligence (worn)
 V - the +3 leather armour of Perpetual Drought (worn) {Int+2 Slay+5}
   (You bought it in a shop on level 1 of the Dungeon)

   Int:       It affects your intelligence (+2).
   Slay:      It affects your accuracy & damage with ranged weapons and melee
   (+5).
 W - a +0 cloak (worn)
Jewellery
 t - a ring of ice
 x - an amulet of reflection
 y - the ring of the Commoners (right hand) {rElec Will+ MP+9 Dex+2}
   (You found it on level 3 of the Dungeon)

   [ring of magical power]

   Dex:       It affects your dexterity (+2).
   rElec:     It insulates you from electricity.
   MP:        It affects your magic capacity (+9).
   Will:      It increases your willpower.
 H - a +4 ring of protection (left hand)
 J - a +4 ring of protection
 M - a ring of protection from cold
 N - an amulet of regeneration (around neck)
Wands
 e - a wand of digging (12)
 u - a wand of mindburst (6)
 E - a wand of iceblast (28)
 Q - a wand of polymorph (8)
 U - a wand of acid (3)
 Y - a wand of paralysis (11)
Scrolls
 b - a scroll of brand weapon
 i - 4 scrolls of teleportation
 r - a scroll of silence
 v - 5 scrolls of vulnerability
 w - 2 scrolls of fear
 z - 7 scrolls of fog
 D - 4 scrolls of magic mapping
 Z - a scroll of blinking
Potions
 f - 7 potions of might
 h - a potion of resistance
 k - 2 potions of haste
 n - 5 potions of cancellation
 o - 6 potions of curing
 q - 4 potions of heal wounds
 B - 2 potions of invisibility
 G - a potion of berserk rage
 I - 4 potions of magic
 S - 4 potions of lignification
 X - 3 potions of brilliance
Miscellaneous
 l - a phial of floods (inert)
 K - a box of beasts
 T - a condenser vane (inert)


   Skills:
 + Level 15.3 Fighting
 - Level 15.0 Polearms
 - Level 0.8 Throwing
 - Level 0.8 Armour
 + Level 12.8 Dodging
 + Level 1.2 Shields
 - Level 4.0 Spellcasting
 + Level 14.5 Translocations
 - Level 7.0 Evocations


You had one spell level left.
You knew the following spells:

 Your Spells              Type           Power      Damage    Failure   Level
a - Blink                 Tloc           100%       N/A       1%          2
b - Teleport Other        Tloc           60%        N/A       1%          3
c - Manifold Assault      Tloc           60%        N/A       3%          5
d - Gell's Gravitas       Tloc           60%        N/A       1%          3
e - Lesser Beckoning      Tloc           60%        N/A       1%          3
f - Apportation           Tloc           100%       N/A       1%          1
g - Summon Forest         Summ/Tloc      17%        N/A       54%         5

Your spell library contained the following spells:

 Spells                   Type           Power      Damage    Failure   Level
 Animate Skeleton         Necr           8%         N/A       43%         1
 Pain                     Necr           16%        1d4       43%         1
 Summon Small Mammal      Summ           16%        N/A       43%         1
 Static Discharge         Conj/Air       4%         N/A       56%         2
 Call Canine Familiar     Summ           4%         N/A       80%         3
 Conjure Flame            Conj/Fire      4%         6-21      80%         3
 Ignite Poison            Fire/Tmut/Pois 4%         N/A       80%         3
 Inner Flame              Hex/Fire       4%         N/A       80%         3
 Ozocubu's Armour         Ice            4%         N/A       80%         3
 Stone Arrow              Conj/Erth      8%         3d7       80%         3
 Summon Guardian Golem    Hex/Summ       4%         N/A       80%         3
 Vampiric Draining        Necr           4%         2d6       80%         3
 Animate Armour           Summ/Erth      8%         N/A       99%         4
 Animate Dead             Necr           2%         N/A       99%         4
 Cause Fear               Hex            2%         N/A       99%         4
 Leda's Liquefaction      Hex/Erth       2%         N/A       99%         4
 Sticky Flame             Conj/Fire      4%         2d3       99%         4
 Alistair's Intoxication  Tmut/Pois      2%         N/A       100%        5
 Blade Hands              Tmut           2%         N/A       100%        5
 Borgnjor's Vile Clutch   Necr/Erth      2%         N/A       100%        5
 Lee's Rapid Deconstruct  Erth           2%         3d5*      100%        5
 Lightning Bolt           Conj/Air       2%         1d13      100%        5
 Death Channel            Necr           2%         N/A       100%        6
 Eringya's Noxious Bog    Tmut/Pois      2%         N/A       100%        6
 Iron Shot                Conj/Erth      2%         9d2       100%        6
 Statue Form              Tmut/Erth      2%         N/A       100%        6
 Ozocubu's Refrigeration  Ice            2%         4d5       100%        7
 Summon Hydra             Summ           2%         N/A       100%        7
 Discord                  Hex            2%         N/A       100%        8
 Lehudib's Crystal Spear  Conj/Erth      2%         10d2      100%        8
 Maxwell's Capacitive Co  Air            2%         ∞         100%        8


Dungeon Overview and Level Annotations

Branches:
Dungeon (10/15)            Temple (0/1) D:6            Lair (6/6) D:8
  Swamp (4/4) Lair:3        Snake (3/4) Lair:2        Slime (0/5) Lair:6
    Orc (2/2) D:10            Elf (0/3) Orc:2         IceCv (visited)

Shops:
D:1 [   D:7 ?   Orc:2 *[=(

Portals:
Trove: D:10 (give 20 potions of curing)

Annotations:
D:7 2 transporters, innerfire433's ghost, novice DjMo
D:9 exclusion: 3 oklob plants
Lair:1 2 transporters, DrKleor's ghost, journeyman DsFi


Innate Abilities, Weirdness & Mutations

You have an increased reservoir of magic. (+10% MP)
You shall have no god before yourself.
Your divine heritage dramatically boosts your attributes as you level up.
You have sharp toenails.
You possess an exceptional clarity of mind.
You are robust. (+10% HP)
You expend magic power (3 MP) to strengthen your wands.


Message History

Unknown command.
Casting: Manifold Assault (mildly dangerous; 3% risk of failure)
Confirm with . or Enter, or press ? or * to list all spells.
You blink.
You feel extremely sick.
The naga mage is engulfed in freezing vapours.
The naga warrior is engulfed in freezing vapours.
You kill the naga warrior!
You hear a splash.
The naga warrior is engulfed in freezing vapours.
The naga mage is engulfed in freezing vapours.
The naga mage spits poison at you.
The splash of poison hits you but does no damage.
You are more poisoned.
Unknown command.
Unknown command.
Unknown command.
Unknown command.
Unknown command.
You feel extremely sick.
The naga mage is engulfed in freezing vapours.
The naga warrior is engulfed in freezing vapours.
The naga mage is engulfed in freezing vapours.
You feel extremely sick.
The naga mage is engulfed in freezing vapours.
The naga mage gestures at the naga mage while chanting.
The naga mage seems to grow toxic.
The naga warrior spits poison at you.
The splash of poison hits you but does no damage.
You are more poisoned.
You have difficulty breathing.
* * * LOW HITPOINT WARNING * * *
You feel as though you will be slow longer.
The naga mage spits poison at you. The splash of poison hits you.
You are more poisoned.
You have difficulty breathing.
* * * LOW HITPOINT WARNING * * *
You feel as though you will be slow longer.
You die...

.....§§§§.....# ......###.
.........§§≈N.....# ..... #.
..........≈.NN.....# (... ##.
...................# ### ##..
...................#########.†.
...............................
...............................
...............................
..............@................
...............................
..............#.....)..........
.............###...))..........
#............##...##.).........
...............................
..#............................
...............................
..#..........)..(....(.##......


You could see a naga warrior (curare, catching breath, waterlogged) and 2 naga
magi.

Vanquished Creatures
  Nikola (Swamp:1)
  A tentacled monstrosity (Swamp:3)
  Donald (Snake:2)
  A fenstrider witch (Swamp:3)
  A nagaraja (Snake:2)
  An orc warlord (Orc:2)
  Aizul (Snake:2)
  2 eleionomae
  The ghost of Paroid the Reanimator, a journeyman PaNe of Sif Muna (Lair:6)
  Azrael (Snake:2)
  2 bunyips (Swamp:3)
  A minotaur (Lair:6)
  3 fire dragons (Swamp:4)
  Snorg (Orc:2)
  A shambling mangrove (Swamp:4)
  19 hydras
  6 naga warriors
  A ghost crab (Swamp:4)
  6 anacondas
  2 catoblepae (Lair:6)
  A deep troll shaman (Lair:6)
  5 naga sharpshooters
  4 orc high priests (Orc:2)
  16 alligators
  13 death yaks
  9 shock serpents
  A fire crab (Swamp:4)
  3 goliath frogs
  6 bog bodies
  8 swamp dragons
  3 spriggan druids
  2 lindwurms (Swamp:4)
  5 orc knights
  A naga ritualist (Snake:2)
  4 orc sorcerers (Orc:2)
  2 mana vipers
  A centaur zombie (D:10)
  A cyclops (D:10)
  7 salamanders
  A will-o-the-wisp (Swamp:4)
  36 black mambas
  2 guardian serpents (Snake:3)
  16 elephants
  9 naga magi
  22 cane toads
  An ice statue (IceCv)
  Maggie (D:10)
  7 rime drakes
  14 komodo dragons
  An entropy weaver simulacrum (IceCv)
  An anaconda simulacrum (IceCv)
  6 polar bears
  2 bloated husks
  15 blink frogs
  8 tyrant leeches
  9 hornets
  A meliai zombie (D:10)
  11 dream sheep (Lair:5)
  2 shadows (D:9)
  A wraith (D:6)
  3 dire elephant simulacra (IceCv)
  11 spriggans
  A vampire (D:10)
  4 wyverns
  45 yaks
  4 fire elementals
  7 basilisks
  2 steam dragons
  3 death yak simulacra (IceCv)
  10 vampire mosquitoes
  25 nagas
  24 water moccasins
  3 wargs (Orc:1)
  A harpy simulacrum (IceCv)
  3 hell hounds (Snake:2)
  12 swamp worms
  A floating eye (D:9)
  3 black bears
  25 orc warriors
  11 swamp drakes
  A sky beast (D:5)
  6 centaurs
  5 ogres
  48 wolves
  3 phantoms (D:6)
  A kobold brigand (D:6)
  13 bullfrogs
  6 two-headed ogre simulacra (IceCv)
  4 scorpions
  A wyvern zombie (D:8)
  A gnoll sergeant (D:7)
  3 cane toad simulacra (IceCv)
  A water moccasin zombie (D:7)
  4 elephant simulacra (IceCv)
  9 killer bees
  4 wights (D:10)
  3 howler monkeys
  An electric eel (D:10)
  3 jellies
  11 orc priests
  A centaur skeleton (D:7)
  3 hounds
  A bullfrog skeleton (D:5)
  3 iguanas
  27 orc wizards
  A scorpion zombie (D:5)
  4 spriggan simulacra (IceCv)
  7 troll simulacra (IceCv)
  4 hell rats (Lair:4)
  2 polar bear simulacra (IceCv)
  A wolf simulacrum (IceCv)
  A hound skeleton (D:4)
  10 gnolls
  6 naga simulacra (IceCv)
  9 adders
  A shadow imp (D:8)
  4 white imps
  6 ufetubi (IceCv)
  A worm (D:3)
  65 orcs
  4 ball pythons
  14 endoplasms
  A giant cockroach (D:1)
  16 goblins
  12 hobgoblins
  7 jackals
  7 quokkas
  6 bats
  7 frilled lizards
  8 kobolds
  4 rats
  A butterfly (Lair:6)
881 creatures vanquished.

Vanquished Creatures (collateral kills)
  A thorn hunter (Swamp:4)
  An anaconda (Snake:3)
  A shock serpent (Snake:3)
  2 mana vipers (Snake:3)
  2 guardian serpents (Snake:3)
  5 briar patches (Swamp:4)
12 creatures vanquished.

Vanquished Creatures (others)
  A hydra (Swamp:4)
  3 swamp drakes (Swamp:4)
  50 fungi
  91 plants
145 creatures vanquished.

Grand Total: 1038 creatures vanquished

Notes
Turn   | Place    | Note
-------+----------+-------------------------------------------
     0 | D:1      | drugrobin the Demigod Warper began the quest for the Orb.
     0 | D:1      | Reached XP level 1. HP: 17/17 MP: 5/5
   332 | D:1      | Reached XP level 2. HP: 17/24 MP: 7/7
   601 | D:1      | Learned a level 2 spell: Blink
   777 | D:1      | Found Viprisus's Armour Shop.
  1347 | D:2      | Reached XP level 3. HP: 21/29 MP: 8/8
  1933 | D:2      | Identified the +3 scimitar of Wu Jian's Esteem {vorpal,
                  | Str+4 Dex+2}
  2652 | D:3      | Identified the ring of the Commoners {rElec Will+ MP+9
                  | Dex+2}
  2976 | D:3      | Reached XP level 4. HP: 28/36 MP: 9/9
  3619 | D:4      | Reached XP level 5. HP: 11/41 MP: 10/10
  3738 | D:4      | Noticed a black bear
  3921 | D:4      | Killed a black bear
  4105 | D:4      | Learned a level 3 spell: Teleport Other
  4333 | D:4      | Reached XP level 6. HP: 42/48 MP: 11/11
  4436 | D:4      | Reached skill level 5 in Translocations
  4926 | D:5      | Entered Level 5 of the Dungeon
  5170 | D:5      | Reached skill level 5 in Polearms
  5657 | D:5      | Reached XP level 7. HP: 53/53 MP: 12/12
  6201 | D:6      | Noticed a wraith
  6363 | D:6      | Reached XP level 8. HP: 53/60 MP: 13/13
  7282 | D:6      | Found a staircase to the Ecumenical Temple.
  9151 | D:7      | Noticed innerfire433's ghost (novice DjMo)
  9152 | D:7      | Noticed a moth of wrath
  9503 | D:6      | Reached XP level 9. HP: 54/67 MP: 14/14
  9625 | D:7      | Found a transporter.
  9678 | D:7      | Found Netauf's Magic Scroll Emporium.
  9812 | D:7      | Found a transporter.
 10167 | D:8      | Noticed a death yak
 10167 | D:8      | Noticed a death yak
 10419 | D:8      | Noticed a death yak
 10419 | D:8      | Noticed a death yak
 10419 | D:8      | Noticed a death yak
 10942 | D:8      | Learned a level 5 spell: Manifold Assault
 10997 | D:8      | HP: 2/67 [death yak (16)]
 12047 | D:9      | Noticed an oklob plant
 12047 | D:9      | Noticed an oklob plant
 12052 | D:9      | Noticed an oklob plant
 12438 | D:8      | Found a staircase to the Lair.
 13864 | D:9      | Reached XP level 10. HP: 61/77 MP: 6/15
 13872 | D:9      | Reached skill level 10 in Translocations
 15040 | D:10     | Entered Level 10 of the Dungeon
 15111 | D:10     | Reached skill level 10 in Polearms
 15527 | D:10     | Found a portal to a secret trove of treasure.
 15776 | D:10     | Noticed Maggie
 15796 | D:10     | Killed Maggie
 16010 | D:1      | Bought the +3 leather armour of Perpetual Drought {Int+2
                  | Slay+5} for 492 gold pieces
 16218 | Lair:1   | Entered Level 1 of the Lair of Beasts
 16324 | Lair:1   | Reached skill level 5 in Fighting
 16338 | Lair:1   | Learned a level 3 spell: Gell's Gravitas
 16414 | Lair:1   | Found a transporter.
 16414 | Lair:1   | Found a transporter.
 16416 | Lair:1   | Noticed DrKleor's ghost (journeyman DsFi)
 16707 | Lair:1   | Noticed a black mamba
 16713 | Lair:1   | Killed a black mamba
 17241 | Lair:1   | Gained mutation: Armour fits poorly on your strangely
                  | shaped body. [potion of mutation]
 17241 | Lair:1   | Gained mutation: You are agile. (Dex +2) [potion of
                  | mutation]
 17241 | Lair:1   | Gained mutation: You are robust. (+10% HP) [potion of
                  | mutation]
 17567 | Lair:1   | Lost mutation: Armour fits poorly on your strangely shaped
                  | body. [potion of mutation]
 17567 | Lair:1   | Lost mutation: You are agile. (Dex +2) [potion of mutation]
 17567 | Lair:1   | Gained mutation: You expend magic power (3 MP) to
                  | strengthen your wands. [potion of mutation]
 17567 | Lair:1   | Gained mutation: You have sharp toenails. [potion of
                  | mutation]
 17567 | Lair:1   | Gained mutation: You possess an exceptional clarity of
                  | mind. [potion of mutation]
 17604 | Lair:2   | Found a staircase to the Snake Pit.
 17689 | Lair:2   | Found a gate leading to a gauntlet.
 17724 | Lair:1   | Reached XP level 11. HP: 44/97 MP: 17/20
 19696 | Lair:2   | Identified the +2 leather armour "Isequir" {Rampage Dex+4}
 20140 | Lair:3   | Noticed an eight-headed hydra
 20147 | Lair:3   | Killed an eight-headed hydra
 20928 | Lair:3   | Found a staircase to the Swamp.
 20928 | Lair:3   | Noticed a bog body
 20961 | Lair:3   | Killed a bog body
 21628 | Lair:3   | Noticed a bog body
 21633 | Lair:3   | Killed a bog body
 21634 | Lair:3   | Reached XP level 12. HP: 111/111 MP: 5/21
 22258 | Lair:4   | HP: 5/111 [black mamba (12)]
 23274 | Lair:4   | Noticed a seven-headed hydra
 24085 | Lair:4   | Noticed a seven-headed hydra
 24321 | Lair:3   | Learned a level 3 spell: Lesser Beckoning
 24451 | Lair:4   | Killed a seven-headed hydra
 24690 | Lair:4   | Killed a seven-headed hydra
 25190 | Lair:5   | Reached skill level 1 in Evocations
 25269 | Lair:5   | Noticed a seven-headed hydra
 25313 | Lair:4   | Killed a seven-headed hydra
 25644 | Lair:5   | Reached XP level 13. HP: 83/123 MP: 18/23
 26407 | Lair:5   | Reached skill level 10 in Fighting
 26718 | Lair:6   | Entered Level 6 of the Lair of Beasts
 27180 | Lair:6   | Reached skill level 5 in Dodging
 27299 | Lair:6   | Noticed Paroid's ghost (journeyman PaNe)
 27301 | Lair:6   | Noticed a minotaur
 27307 | Lair:6   | Found a frozen archway.
 27436 | IceCv    | Entered an ice cave
 30474 | IceCv    | Identified the +9 trident "Zapus" {speed, rC+ Will+ Stlth+}
 30894 | Lair:6   | Found a runed translucent gate.
 30894 | Lair:6   | Found a runed translucent gate.
 30894 | Lair:6   | Found a runed translucent gate.
 31133 | Lair:6   | Found a runed translucent door.
 31135 | Lair:6   | Found a staircase to the Slime Pits.
 31522 | Lair:6   | Reached skill level 5 in Evocations
 32160 | Lair:6   | Reached XP level 14. HP: 94/136 MP: 0/24
 33177 | Lair:6   | Killed Paroid's ghost
 33353 | Lair:6   | Learned a level 1 spell: Apportation
 33515 | Swamp:1  | Entered Level 1 of the Swamp
 34088 | Swamp:1  | Noticed Nikola
 34105 | Swamp:1  | Killed Nikola
 36392 | Swamp:3  | Noticed a fenstrider witch
 36403 | Swamp:3  | Killed a fenstrider witch
 36821 | Swamp:3  | Reached skill level 15 in Polearms
 37205 | Swamp:3  | Noticed a tentacled monstrosity
 37226 | Swamp:3  | Killed a tentacled monstrosity
 37227 | Swamp:3  | Reached XP level 15. HP: 147/147 MP: 19/25
 37233 | Swamp:3  | Learned a level 5 spell: Summon Forest
 37449 | Swamp:4  | Entered Level 4 of the Swamp
 37449 | Swamp:4  | Noticed a thorn hunter
 37524 | Swamp:4  | Killed a thorn hunter
 38222 | Swamp:4  | Reached skill level 10 in Dodging
 38880 | Swamp:4  | HP: 5/149 [seven-headed hydra (3)]
 38880 | Swamp:4  | HP: 2/149 [seven-headed hydra (3)]
 39712 | Swamp:4  | Got a decaying rune of Zot
 39851 | Snake:1  | Entered Level 1 of the Snake Pit
 42497 | Snake:2  | Noticed Donald
 42568 | Snake:2  | Killed Donald
 43106 | Snake:2  | Reached XP level 16. HP: 113/161 MP: 26/26
 43590 | Snake:2  | Noticed Aizul
 44374 | Snake:2  | Noticed Azrael
 44544 | Snake:2  | Killed Azrael
 44571 | Snake:2  | Killed Aizul
 46445 | D:6      | Reached skill level 15 in Fighting
 46975 | D:10     | Found a staircase to the Orcish Mines.
 47138 | Orc:1    | Entered Level 1 of the Orcish Mines
 48128 | Orc:2    | Entered Level 2 of the Orcish Mines
 48225 | Orc:2    | Found a staircase to the Elven Halls.
 48847 | Orc:2    | Found Babaliev's General Store.
 48848 | Orc:2    | Found Qaor's Jewellery Emporium.
 48850 | Orc:2    | Found Muses's Antique Armour Emporium.
 48850 | Orc:2    | Found Xatebb's Antique Weapon Shoppe.
 48857 | Orc:2    | Bought a shiny helmet for 202 gold pieces
 48879 | Orc:2    | Bought a scroll of teleportation for 48 gold pieces
 48901 | Orc:2    | Bought the +3 Mad Mage's Maulers {Infuse+∞ RegenMP Int-3}
                  | for 1080 gold pieces
 48901 | Orc:2    | Found the +3 Mad Mage's Maulers {Infuse+∞ RegenMP Int-3}
 49086 | Orc:2    | Noticed Snorg
 49096 | Orc:2    | Killed Snorg
 49801 | Snake:3  | Reached skill level 1 in Shields
 49814 | Snake:3  | HP: 2/163 [asphyx]
 49814 | Snake:3  | Killed from afar by a naga mage

Illustrated notes

Levels and vault maps discovered:
D:1:      dpeg_arrival_refuge, layout_loops_cross, serial_shops, shop_fountains,
          minmay_tetromino_o4
D:2:      layout_basic, dreamdust_ecumenical_altar_statues
D:3:      layout_rooms, tso_metal_star, st_stairs_12, grunt_ministairs_10,
          minmay_guardbox
D:4:      cheibrodos_greedy_goblins, layout_gridville, kennysheep_flooded_box
D:5:      layout_loops_cross
D:6:      layout_basic, minmay_temple_entry_junction_2, minivault_10,
          minmay_manual_mail
D:7:      layout_basic, cheibriados_altar_1, gammafunk_ghost_wrathful_warriors,
          serial_shops, kennysheep_mini
D:8:      nicolae_cairo_tiling, layout_basic, nemelex_spade_bored_becter,
          dpeg_lair_monsters
D:9:      layout_roguey, disabler_island
D:10:     layout_basic, orc_0_dummy, nicolae_trove_entry_crystal,
          minmay_misc_feat_more_columns, uniq_maggie
Lair:1:   layout_loops_ring, gammafunk_ghost_hive, serial_bayou_pond_e,
          infiniplex_staircase_pool
Lair:2:   layout_gridlike, guppyfry_snake_entry_garden, gauntlet_entry_generic,
          serial_bayou_shore_a, grunt_megastairs_5
Lair:3:   layout_cave_pods, skrybe_swamp_entry_bodies, st_stairs_5,
          grunt_megastairs_4
Lair:4:   layout_hall_layers, beast_lair_carwin_9, grunt_megastairs_2
Lair:5:   layout_roguey, serial_bayou_shore_b
Lair:6:   grunt_lair_end_beastmaster, layout_regular_city, slime_altar_2,
          maelrawn_ghost_gauntlet_escape,
          portal_ice_cave_entry_animals_and_master,
          grunt_forest_large_clearings, lemuel_fruit_fields, lemuel_fruit_fields
Swamp:1:  layout_basic_swamp, nicolae_swamp_oxbows, uniq_nikola
Swamp:2:  layout_basic_swamp, nicolae_swamp_round_clearing
Swamp:3:  layout_basic_swamp, nicolae_swamp_ascending_descending, swamp_pool4,
          infiniplex_staircase_pool_2
Swamp:4:  swamp_fiery, layout_basic_swamp, swamp_pool1
Snake:1:  layout_layer_cave
Snake:2:  layout_onion, special_room, guppyfry_library_mini, uniq_aizul,
          uniq_azrael, uniq_donald
Snake:3:  layout_cave_shapes, hangedman_snake_corridor_cut
Orc:1:    layout_caves
Orc:2:    st_orc_congregation, layout_diamond_mine, uniq_snorg

Skill      XL: |  1  2  3  4  5  6  7  8  9 10 11 12 13 14 15 16 |
---------------+-------------------------------------------------+-----
Polearms       | 2 3 4 5 6 8 9 10 11 13 14 15 | 15.0
Translocations | 3 4 5 6 8 9 10 12 13 14 | 14.5
Fighting       | 3 5 8 9 11 12 14 15 | 15.3
Spellcasting   | 3 4 |  4.0
Dodging        | 4 6 9 11 12 | 12.8
Evocations     | 1 5 7 |  7.0
Shields        | 1 |  1.2
Throwing       | |  0.8
Armour         | |  0.8

Action                   |  1- 3 |  4- 6 |  7- 9 | 10-12 | 13-15 | 16-18 || total
-------------------------+-------+-------+-------+-------+-------+-------++-------
Melee: Spear             |   145 |    49 |   124 |       |       |       ||   318
       Punch             |     2 |     1 |     5 |       |    21 |    11 ||    40
       Scimitar          |    28 |   108 |   261 |       |       |       ||   397
       Halberd           |       |    16 |    90 |   734 |   417 |     4 ||  1261
       Trident           |       |       |       |       |  1052 |   621 ||  1673
       Demon trident     |       |       |       |       |   128 |    11 ||   139
 Fire: Hunting sling     |     6 |    13 |    13 |       |       |       ||    32
       Shortbow          |       |       |    39 |    88 |    98 |    20 ||   245
Throw: Stone             |       |    11 |    22 |    10 |     3 |       ||    46
       Throwing net      |       |     2 |     2 |       |       |       ||     4
       Dart              |       |       |    13 |     1 |       |       ||    14
       Boomerang         |       |       |       |       |     1 |       ||     1
 Cast: Teleport Other    |       |       |     8 |       |     1 |     1 ||    10
       Blink             |       |       |    18 |    29 |    27 |     4 ||    78
       Manifold Assault  |       |       |    11 |    81 |   209 |    91 ||   392
       Gell's Gravitas   |       |       |       |       |    29 |    13 ||    42
       Lesser Beckoning  |       |       |       |       |     1 |       ||     1
       Apportation       |       |       |       |       |    13 |    11 ||    24
       Summon Forest     |       |       |       |       |     3 |     2 ||     5
Evoke: Condenser vane    |       |       |       |     2 |     1 |     1 ||     4
       Wand              |       |       |       |     2 |       |       ||     2
       Phial of floods   |       |       |       |       |       |     1 ||     1
  Use: Scroll            |       |       |     2 |    17 |    14 |     2 ||    35
       Potion            |       |       |     1 |     4 |     4 |     2 ||    11
 Stab: Held in net/web   |       |     1 |     1 |       |       |       ||     2
       Sleeping          |       |       |     1 |     1 |     2 |     1 ||     5
       Confused          |       |       |       |     1 |       |       ||     1
       Petrified         |       |       |       |       |    16 |       ||    16
       Distracted        |       |       |       |       |     1 |     2 ||     3
Armor: Leather armour    |    11 |       |    86 |   235 |   354 |    72 ||   758
       Scale mail        |    48 |    70 |   110 |       |       |       ||   228
Dodge: Dodged            |    80 |    71 |   252 |   283 |   583 |   166 ||  1435
Block: Other             |       |     8 |   102 |   135 |   116 |     4 ||   365
       Buckler           |       |       |    15 |       |       |       ||    15
       Reflection        |       |       |     4 |     1 |     6 |     4 ||    15
       Kite shield       |       |       |       |       |       |     8 ||     8

Table legend: (Time is in decaauts)
 A = Elapsed time spent in this place.
 B = Non-inter-level travel time spent in this place.
 C = Inter-level travel time spent in this place.
 D = Time resting spent in this place.
 E = Time spent auto-exploring this place.
 F = Levels seen in this place.
 G = Mean time per level.
                   A        B        C        D        E       F      G
               +--------+--------+--------+--------+--------+-----+--------+
         Total |  49240 |  46569 |   2671 |  15470 |  21184 |  26 | 1893.8 |
       Dungeon |  17270 |  15787 |   1483 |   4579 |   7798 |  10 | 1727.0 |
          Lair |  13919 |  13423 |    496 |   4304 |   6887 |   6 | 2319.8 |
         Swamp |   6177 |   5886 |    291 |   1850 |   2149 |   4 | 1544.2 |
     Snake Pit |   6292 |   5982 |    310 |   2536 |   1982 |   3 | 2097.3 |
  Orcish Mines |   2164 |   2075 |     89 |    187 |   1383 |   2 | 1082.0 |
      Ice Cave |   3416 |   3416 |      0 |   2013 |    984 |   1 | 3416.0 |
               +--------+--------+--------+--------+--------+-----+--------+

Top non-repeatable levels by time:
   IceCv: 3416 daAuts
 Snake:2: 3279 daAuts
     D:9: 3058 daAuts
  Lair:2: 2647 daAuts
  Lair:6: 2605 daAuts
  Lair:4: 2458 daAuts
     D:6: 2350 daAuts
 Snake:1: 2299 daAuts
  Lair:5: 2280 daAuts
  Lair:3: 1986 daAuts
  Lair:1: 1941 daAuts
 Swamp:4: 1847 daAuts
     D:5: 1806 daAuts
 Swamp:1: 1690 daAuts
     D:8: 1675 daAuts
